 Dungeon Sprint DCSS version 0.22-a0-570-g58866f5 (webtiles) character file.

136 emperorscorpion the Gusty (level 5, 0/31 HPs)
             Began as an Octopode Air Elementalist on June 30, 2018.
             Slain by an orc
             ... wielding a +0 trident
              (3 damage)
             ... in the Dungeon (Sprint IX: "|||||||||||||||||||||||||||||").
             The game lasted 00:00:30 (139 turns).

emperorscorpion the Gusty (OpAE)                     Turns: 139, Time: 00:00:31

Health: 0/31       AC:  1    Str:  7    XL:     5   Next: 19%
Magic:  6/12       EV: 15    Int: 18    God:
Gold:   0          SH:  0    Dex: 13    Spells: 13/14 levels left

rFire    . . .     SeeInvis .     - Unarmed
rCold    . . .     Gourm    .   (no shield)
rNeg     . . .     Faith    .   (helmet restricted)
rPois    .         Spirit   .   (no amulet)
rElec    .         Reflect  .   (no ring)
rCorr    .         Harm     .   (no ring)
MR       .....     NoTele   +   (no ring)
Stlth    ++++......             (no ring)
HPRegen  0.10/turn              (no ring)
MPRegen  0.13/turn              (no ring)
                                (no ring)
                                (no ring)

@: berserk cooldown, slowed, very slow
A: almost no armour, stealthy swim, amphibious, 8 rings, constrict 8, camouflage
1, gelatinous body 1
a: no special abilities


You were in the Dungeon.
You were not hungry.

You visited 1 branch

Inventory:

Scrolls
 h - a scroll of blinking
Potions
 c - a potion of curing
 d - a potion of heal wounds
 e - a potion of haste
 f - 2 potions of magic
Comestibles
 a - 7 chunks of flesh
 b - a ration


   Skills:
 + Level 3.8 Dodging
 + Level 4.9 Stealth
 + Level 2.0 Unarmed Combat
 * Level 5.3 Spellcasting
 + Level 1.6 Conjurations
 + Level 7.0 Air Magic


You had 13 spell levels left.
You knew the following spells:

 Your Spells              Type           Power        Failure   Level  Hunger
a - Shock                 Conj/Air       ###.         2%          1    None

Your spell library contained the following spells:

 Spells                   Type           Power        Failure   Level  Hunger
 Lightning Bolt           Conj/Air       ###.......   52%         5    ######.
 Swiftness                Chrm/Air       ###.....     4%          2    #......
 Airstrike                Air            ####......   7%          4    ####...
 Static Discharge         Conj/Air       ###.....     6%          3    ##.....


Dungeon Overview and Level Annotations

Branches:
Dungeon (1/1)

Altars:


Innate Abilities, Weirdness & Mutations

You cannot wear most types of armour.
You are very stealthy in the water. (Stealth+)
You are amphibious.
You can wear up to eight rings at the same time.
You can use your tentacles to constrict eight enemies at once.
Your skin changes colour to match your surroundings (Stealth+).
Your rubbery body absorbs attacks. (AC +1, EV +1)


Message History

You kill the centaur!
Your Unarmed Combat skill gained 2 levels and is now at level 2!
Your Spellcasting skill increases to level 5!
Your Air Magic skill gained 2 levels and is now at level 7!
You have reached level 4!
You have reached level 5!
You feel clever.
You are no longer berserk.
You are exhausted.
You feel yourself slow down.
The orc grunts noisily.
The orc barely misses you.
You aren't carrying any items that you can evoke.
Okay, then.
Casting: Shock (safe; 2% risk of failure)
Confirm with . or Enter, or press ? or * to list all spells.
Aiming: Shock (safe; 2% risk of failure)
Press: ? - help, Shift-Dir - straight line, f - orc
Aim: an orc, wielding a trident and wearing a ring mail The zap hits the orc.
The orc appears unharmed.
The orc hits you from afar with a trident.
You die...

▓.▓
▓)▓
▓(▓
▓.▓
▓.▓
▓.▓
▓.▓
▓'▓
▓@▓
▓)▓
▓o▓
▓.▓
▓.▓
▓+▓


You could see an orc.

Vanquished Creatures
  A centaur (D)
  A crimson imp (D)
  A gnoll (D)
  An ooze (D)
  2 hobgoblins (D)
  A quokka (D)
  A bat (D)
  A goblin (D)
9 creatures vanquished.

Notes
Turn   | Place    | Note
-------+----------+-------------------------------------------
     0 | D        | emperorscorpion the Octopode Air Elementalist began the quest for the Orb.
     0 | D        | Reached XP level 1. HP: 11/11 MP: 3/3
    10 | D        | Reached XP level 2. HP: 11/17 MP: 0/5
   125 | D        | Noticed a crimson imp
   125 | D        | Noticed a centaur
   130 | D        | Killed a crimson imp
   130 | D        | Reached skill level 5 in Air Magic
   130 | D        | Reached XP level 3. HP: 16/21 MP: 6/8
   138 | D        | Killed a centaur
   138 | D        | Reached skill level 5 in Spellcasting
   138 | D        | Reached skill level 7 in Air Magic
   138 | D        | Reached XP level 4. HP: 3/27 MP: 7/11
   138 | D        | Reached XP level 5. HP: 4/31 MP: 7/12
   139 | D        | Slain by an orc

Vault maps used:
D:        linesprint

Skill      XL: |  1  2  3 |
---------------+----------+-----
Stealth        | 3 4 |  4.9
Dodging        | 3 |  3.8
Spellcasting   | 3 5 |  5.3
Air Magic      | 5 7 |  7.0
Unarmed Combat | 2 |  2.0
Conjurations   | |  1.6

Action                   |  1- 3 |  4- 6 || total
-------------------------+-------+-------++-------
Melee: Unarmed           |    12 |       ||    12
       Constrict         |     2 |       ||     2
       Tentacles         |     1 |       ||     1
 Cast: Shock             |     3 |     1 ||     4
  Use: Potion            |     1 |       ||     1
Dodge: Dodged            |     5 |     1 ||     6

Table legend:
 A = Spawn XP
 B = Non-spawn XP
 C = Spawn XP percentage of total XP
 D = Spawn monster count
 E = Non-spawn monster count
 F = Spawn count percentage of total count
 G = Total turns spent on level
                    A         B        C        D         E        F      G
               +---------+---------+-------+---------+---------+-------+---------
         Total |       0 |     195 |   0.0 |       0 |       9 |   0.0 |   139
               +---------+---------+-------+---------+---------+-------+---------
             D |       0 |     195 |   0.0 |       0 |       9 |   0.0 |   139
               +---------+---------+-------+---------+---------+-------+---------
